 Dungeon Crawl Stone Soup version 0.29.0-15-g675c0067aa (webtiles) character file.

Game seed: 16668952410019887760

60 safid the Shooter (level 3, 0/30 HPs)
             Began as a Minotaur Hunter on Sept 10, 2022.
             Slain by Robin
             ... wielding a +0 spear
              (1 damage)
             ... on level 3 of the Dungeon on Sept 11, 2022.
             The game lasted 00:03:56 (1501 turns).

safid the Shooter (Minotaur Hunter)                 Turns: 1501, Time: 00:03:57

Health: 0/30       AC: 12    Str: 15    XL:     3   Next: 80%
Magic:  0/2        EV:  4    Int:  6    God:
Gold:   125        SH:  0    Dex: 15    Spells: 2/2 levels left

rFire   . . .      SeeInvis .   a - +0 shortbow
rCold   . . .      Faith    .   (shield currently unavailable)
rNeg    . . .      Spirit   +   k - +0 plate armour
rPois   .          Reflect  .   (helmet restricted)
rElec   .          Harm     .   (no cloak)
rCorr   .          Rampage  .   m - +0 pair of gloves
Will    .....                   i - +0 pair of boots
Stlth   ..........              d - amulet of guardian spirit
HPRegen 0.10/turn               (no ring)
MPRegen 0.08/turn               (no ring)

@: no status effects
A: horns 2, retaliatory headbutt
a: no special abilities


You were on level 3 of the Dungeon.
You visited 1 branch of the dungeon, and saw 3 of its levels.

You collected 125 gold pieces.

Inventory:

Hand Weapons
 a - a +0 shortbow (weapon)
Armour
 c - a +0 leather armour
 i - a +0 pair of boots (worn)
 k - a +0 plate armour (worn)
 m - a +0 pair of gloves (worn)
Jewellery
 d - an amulet of guardian spirit (around neck)
Wands
 q - a wand of roots (6)
Scrolls
 b - 2 scrolls of immolation
 e - 2 scrolls of vulnerability {unknown}
 f - a scroll of fear {unknown}
 l - 3 scrolls of magic mapping {unknown}
 n - 2 scrolls of teleportation {unknown}
 o - a scroll of blinking {unknown}
Potions
 g - 2 potions of curing {unknown}
 h - a potion of berserk rage {unknown}
 j - a potion of brilliance {unknown}
 p - a potion of heal wounds {unknown}


   Skills:
 + Level 2.7 Fighting
 + Level 5.5 Ranged Weapons
 * Level 1.8 Armour
 + Level 2.2 Dodging
 - Level 0.7 Stealth


You had 2 spell levels left.
You didn't know any spells.
Your spell library contained the following spells:

 Spells                   Type           Power      Damage    Failure   Level
 Apportation              Tloc           0%         N/A       100%        1
 Alistair's Intoxication  Tmut/Pois      0%         N/A       100%        5


Dungeon Overview and Level Annotations

Branches:
Dungeon (3/15)

Altars:

Annotations:
D:3 Robin


Innate Abilities, Weirdness & Mutations

You have a pair of horns on your head.
You reflexively headbutt those who attack you in melee.


Message History

You are too injured to fight recklessly!
You are too injured to fight recklessly!
Unknown command.
You are too injured to fight recklessly!
Really attack while wielding your +0 shortbow? [Y]es or [N]o only, please.
Really attack while wielding your +0 shortbow?
You clumsily bash the goblin but do no damage.
The hobgoblin no longer looks unusually strong.
Robin hits you but does no damage. The hobgoblin hits you.
The goblin hits you but does no damage. x2
The hobgoblin hits you but does no damage.
Robin roars a battlecry!
The hobgoblin goes into a battle-frenzy!
There are monsters nearby!
You clumsily bash the goblin but do no damage.
You headbutt the goblin, but do no damage.
The hobgoblin hits you but does no damage.
The goblin barely misses you.
You closely miss the goblin. Your headbutt misses the goblin.
Robin hits you but does no damage. The hobgoblin hits you.
The goblin hits you with a +0 dagger.
* * * LOW HITPOINT WARNING * * *
The goblin completely misses you. The hobgoblin hits you.
* * * LOW HITPOINT WARNING * * *
You clumsily bash the goblin but do no damage.
You headbutt the goblin, but do no damage.
The hobgoblin hits you but does no damage.
Robin hits you but does no damage. The goblin hits you with a +0 dagger.
* * * LOW HITPOINT WARNING * * *
Unknown command.
You hear the sound of rushing water.
There is an entrance to a sewer on this level.
Hurry and find it before the portal rusts away!
Level annotation: Robin Welcome back, safid the Minotaur Hunter.
Press ? for a list of commands and other information.
Really attack while wielding your +0 shortbow?
You clumsily bash the goblin but do no damage.
Robin hits you from afar with a +0 spear.
You die...

#.# #.# #. #.# ##)# #
##.## #...## .# #...
......####. #..#
...#.>...
##.<#####.......
...........##)g######.#
##..######.#.ggg@g....#
......# #[#..g########
##..#.# #.#...#
#..#.####.#...####
#..................
..................#.
.#.##.#.##.##..###..
##. #.#.##.##..# .# #.
....##.##..# #


You could see Robin, 2 hobgoblins and 3 goblins.

Vanquished Creatures
  A worm (D:2)
  3 dart slugs
  2 ball pythons
  2 endoplasms
  5 giant cockroaches
  5 hobgoblins
  2 jackals (D:1)
  3 kobolds
  2 quokkas (D:2)
  2 bats (D:2)
  3 frilled lizards
  11 goblins
  2 rats (D:2)
43 creatures vanquished.

Notes
Turn   | Place    | Note
-------+----------+-------------------------------------------
     0 | D:1      | safid the Minotaur Hunter began the quest for the Orb.
     0 | D:1      | Reached XP level 1. HP: 18/18 MP: 0/0
    15 | D:1      | Found a faded altar of an unknown god.
   229 | D:1      | Reached XP level 2. HP: 25/25 MP: 1/1
   338 | D:1      | Reached skill level 1 in Armour
   488 | D:1      | Reached skill level 5 in Ranged Weapons
   838 | D:2      | Reached XP level 3. HP: 30/30 MP: 2/2
  1484 | D:3      | Noticed Robin
  1500 | D:3      | HP: 1/30 [goblin/+0 dagger[Robin] (3)]
  1501 | D:3      | Upgraded the game from 0.29.0-13-gc9e81de378 to
                  | 0.29.0-15-g675c0067aa
  1501 | D:3      | Slain by Robin

Illustrated notes

Levels and vault maps discovered:
D:1:      minmay_arrival_stair_chambers, layout_basic,
          ebering_ecumenical_altar_rust, chequers_serial_rivers_small_3,
          lemuel_flame_loot_1
D:2:      layout_basic, kennysheep_generic_room_5
D:3:      layout_loops_ring, portal_sewer_entry_d, minmay_quantized, uniq_robin

Skill      XL: |  1  2 |
---------------+-------+-----
Armour         | 1 |  1.8
Ranged Weapons | 5 |  5.5
Fighting       | |  2.7
Dodging        | |  2.2
Stealth        | |  0.7

Action                   || total
-------------------------++-------
Melee: Shortbow          ||     5
       Headbutt          ||     2
 Fire: Shortbow          ||   110
Armor: Leather armour    ||     1
       Plate armour      ||    43
Dodge: Dodged            ||    32
